 Dungeon Crawl Stone Soup version 0.16.0-18-g484a79e (webtiles) character file.

704 McCoppin the Covert (level 7, 0/48 HPs)
             Began as an Octopode Fighter on Mar 23, 2015.
             Was a Follower of Cheibriados.
             Slain by a worker ant (7 damage)
             ... on level 4 of the Dungeon.
             The game lasted 00:16:22 (5107 turns).

McCoppin the Covert (Octopode Fighter)              Turns: 5107, Time: 00:16:22

Health: 0/48       AC:  1    Str: 17    XL:     7   Next: 67%
Magic:  7/7        EV: 11    Int: 13    God:    Cheibriados [*.....]
Gold:   193        SH:  9    Dex: 15    Spells: 0 memorised, 6 levels left

rFire  . . .     SeeInvis +     a - +0 long sword
rCold  . . .     Clarity  .     c - +0 shield
rNeg   + . .     SustAb   .     (helmet restricted)
rPois  +         Gourm    .     (no amulet)
rElec  .         Spirit   .     l - ring of poison resistance
rCorr  .         Warding  .     g - ring of see invisible
rMut   .         Stasis   .     s - ring of positive energy
MR     +....                    y - ring of protection from magic
Stlth  ++++++....               (no ring)
                                (no ring)
                                (no ring)
                                (no ring)

@: very slow, somewhat resistant to hostile enchantments, very stealthy
A: almost no armour, amphibious, 8 rings, constrict 8, camouflage 1, gelatinous
body 1
a: Bend Time, Renounce Religion


You were on level 4 of the Dungeon.
You worshipped Cheibriados.
Cheibriados was aware of your devotion.
You were not hungry.

You visited 2 branches of the dungeon, and saw 5 of its levels.

You collected 193 gold pieces.

Inventory:

Hand weapons
 a - a +0 long sword (weapon)
 b - a +0 blowgun
Missiles
 f - 29 poisoned needles
 h - 2 javelins (quivered)
 i - 148 stones
Armour
 c - a +0 shield (worn)
Jewellery
 g - a ring of see invisible (right tentacle)
 l - a ring of poison resistance (left tentacle)
 s - a ring of positive energy (on tentacle)
 y - a ring of protection from magic (on tentacle)
Magical devices
 p - a wand of lightning (3)
Scrolls
 j - 4 scrolls of remove curse
 m - a scroll of enchant weapon {unknown}
 n - 9 scrolls of identify
 r - a scroll of blinking
 v - a scroll of fear {unknown}
 w - a scroll of teleportation {unknown}
Potions
 e - a potion of brilliance
 k - a potion of flight
 t - 2 potions of might
 x - a potion of lignification {unknown}
 A - a potion of restore abilities {unknown}
 B - a potion of poison
 C - a potion of haste {unknown}
Comestibles
 d - 2 bread rations
 o - 2 meat rations
 q - 2 beef jerkies
 u - 5 fruits
 z - 7 chunks of flesh


   Skills:
 + Level 4.2 Fighting
 + Level 2.8 Long Blades
 - Level 3.0 Dodging
 - Level 10.0 Stealth
 - Level 3.0 Shields
 - Level 1.2 Unarmed Combat


You had 6 spell levels left.
You didn't know any spells.

Dungeon Overview and Level Annotations

Branches:
Dungeon (4/15)             Temple (1/1) D:4

Altars:
Cheibriados
Fedhas
Gozag
Kikubaaqudgha
Makhleb
Okawaru
Qazlal
Ru
Sif Muna
Trog
Vehumet
Xom
Yredelemnul
Zin


Innate Abilities, Weirdness & Mutations

You cannot wear most types of armour.
You are amphibious.
You can wear up to eight rings at the same time.
You can use your tentacles to constrict many enemies at once.
Your skin changes colour to match your surroundings (Stealth).
Your rubbery body absorbs attacks (AC +1).


Message History

Press: ? - help, Shift-Dir - straight line, f/p - ogre
Aim: an ogre, wielding a giant club (moderately wounded, poisoned)
You shoot a poisoned needle. The poisoned needle hits the ogre!
The ogre is moderately wounded.
You block the worker ant's attack. The ogre hits you with a giant club!
The worker ant bites you.
Wield which item (- for none, * to show all)? (? for menu, Esc to quit)
a - a +0 long sword (weapon)
You hit the ogre. You squeeze the ogre.
The ogre is heavily wounded.
You block the worker ant's attack. The ogre hits you with a giant club!
* * * LOW HITPOINT WARNING * * *
The worker ant bites you.
* * * LOW HITPOINT WARNING * * *
Drink which item? (? for menu, Esc to quit)
It was a potion of poison.
You feel slightly nauseous. The ogre hits you with a giant club.
* * * LOW HITPOINT WARNING * * *
The worker ant bites you!
You die...

####.#####... #.# #... #.##
#.## #..# #.## ##.# #.## ###
### ### #.####.## .... #..
..# ##.##..... #....##.###.#
#...#.####
#<.(...O@.#.####.....# #
.....##a#......#...### # #
#.###.##.##### ## ###
#.....##.### #. #..
######.....# #. #.#
#........# #. #.#
########.##...).#### #.
#.####........##......))# #.
#.##...........#.....##.####.


You could see an ogre and a worker ant.

Vanquished Creatures
  2 ogres (D:4)
  A phantom (D:4)
  Sigmund (D:2)
  A giant frog skeleton (D:4)
  2 hounds (D:4)
  3 orc wizards
  A worker ant (D:4)
  Terence (D:2)
  A hound skeleton (D:4)
  3 adders
  5 giant geckos
  22 orcs
  6 bats
  5 giant cockroaches
  8 goblins
  10 hobgoblins
  6 jackals
  12 kobolds
  An ooze (D:2)
  3 quokkas
  9 giant newts
  10 rats
113 creatures vanquished.

Notes
Turn   | Place    | Note
--------------------------------------------------------------
     0 | D:1      | McCoppin, the Octopode Fighter, began the quest for the Orb.
     0 | D:1      | Reached XP level 1. HP: 16/16 MP: 1/1
   167 | D:1      | Reached skill level 1 in Stealth
   200 | D:1      | Reached XP level 2. HP: 11/21 MP: 2/2
   673 | D:1      | Reached XP level 3. HP: 18/26 MP: 3/3
   880 | D:2      | Reached skill level 4 in Stealth
  1045 | D:2      | Noticed Terence
  1255 | D:2      | Noticed Sigmund
  1260 | D:2      | Killed Sigmund
  1260 | D:2      | Reached skill level 6 in Stealth
  1260 | D:2      | Reached XP level 4. HP: 22/31 MP: 4/4
  1325 | D:2      | Killed Terence
  1325 | D:2      | Reached XP level 5. HP: 24/36 MP: 5/5
  2318 | D:3      | Reached skill level 7 in Stealth
  3306 | D:4      | Reached skill level 8 in Stealth
  3306 | D:4      | Reached XP level 6. HP: 42/42 MP: 6/6
  3540 | D:4      | Found a staircase to the Ecumenical Temple.
  3540 | D:4      | Noticed an ogre
  3540 | D:4      | Noticed an ogre
  3563 | D:4      | Killed an ogre
  3563 | D:4      | Reached skill level 9 in Stealth
  3575 | D:4      | Killed an ogre
  3727 | Temple   | Entered the Ecumenical Temple
  3836 | Temple   | Became a worshipper of Cheibriados the Contemplative
  3965 | D:4      | Reached skill level 10 in Stealth
  3965 | D:4      | Reached XP level 7. HP: 37/46 MP: 7/7
  4357 | D:4      | Noticed a phantom
  4382 | D:4      | Killed a phantom
  4382 | D:4      | Reached skill level 1 in Unarmed Combat
  4729 | D:4      | Acquired Cheibriados' first power
  5107 | D:4      | Slain by a worker ant

Action                   |  1- 3 |  4- 6 |  7- 9 || total
-------------------------+-------+-------+-------++-------
Melee: Long sword        |    49 |   101 |    61 ||   211
 Fire: Blowgun           |       |    31 |    14 ||    45
  Use: Scroll            |     1 |     5 |       ||     6
       Potion            |     1 |       |     1 ||     2
 Stab: Sleeping          |     6 |     7 |     4 ||    17
       Distracted        |     1 |     2 |     1 ||     4
  Eat: Chunk             |       |     3 |     5 ||     8
       Meat ration       |       |     1 |       ||     1
